 Dungeon Crawl Stone Soup version 0.25-a0-566-g062765be81 (webtiles) character file.

Game seed: 9055689675176989975, levelgen mode: deterministic

78 kae the Vexing (level 4, -5/19 HPs)
             Began as a Felid Enchanter on Feb 28, 2020.
             Slain by Grinder (6 damage)
             ... on level 3 of the Dungeon.
             The game lasted 00:07:04 (3351 turns).

kae the Vexing (Felid Enchanter)                    Turns: 3351, Time: 00:07:04

Health: -5/19      AC:  1    Str:  5    XL:     4   Next: 15%
Magic:  7/9        EV: 21    Int: 16    God:
Gold:   133        SH:  0    Dex: 17    Spells: 0/8 levels left
                                        Lives:  0   Deaths: 1

rFire    . . .     SeeInvis +     - Unarmed
rCold    . . .     Gourm    .   (shield unavailable)
rNeg     . . .     Faith    .   (armour unavailable)
rPois    .         Spirit   .   (helmet unavailable)
rElec    .         Reflect  .   (cloak unavailable)
rCorr    .         Harm     .   (gloves unavailable)
MR       .....                  (boots unavailable)
Stlth    +++.......             (no amulet)
HPRegen  0.06/turn              f - +3 ring of evasion
MPRegen  0.11/turn              (no ring)

@: quick
A: very small, no armour, no weapons or thrown items, stealth, claws 1, fangs 3,
see invisible, carnivore, speed 1, shaggy fur 1, slow metabolism 1, sharp paws
a: no special abilities


You were on level 3 of the Dungeon.
You were not hungry.

You visited 1 branch of the dungeon, and saw 3 of its levels.

You collected 133 gold pieces.

Inventory:

Jewellery
 f - a +3 ring of evasion (left paw)
Scrolls
 c - 2 scrolls of remove curse
 e - 2 scrolls of identify
 h - a scroll of teleportation {unknown}
 k - a scroll of amnesia {unknown}
Potions
 d - a potion of resistance {unknown}
 g - a potion of heal wounds {unknown}
 i - a potion of curing
 j - a potion of lignification {unknown}
Comestibles
 b - 6 rations


   Skills:
 + Level 1.6 Fighting
 - Level 2.6 Dodging
 + Level 5.0 Stealth
 * Level 2.9 Unarmed Combat
 + Level 2.7 Spellcasting
 + Level 5.3 Hexes


You couldn't memorise any spells.
You knew the following spells:

 Your Spells              Type           Power        Failure   Level  Hunger
a - Corona                Hex            ###....      2%          1    #......
b - Ensorcelled Hibernat  Hex/Ice        ##....       10%         2    ##.....
c - Confusing Touch       Hex            ###.....     6%          3    ###....
d - Tukima's Dance        Hex            ###.....     6%          3    ###....

Your spell library contained the following spells:

 Spells                   Type           Power        Failure   Level  Hunger
 Dazzling Flash           Conj/Hex       ##....       19%         3    ###....


Dungeon Overview and Level Annotations

Branches:
Dungeon (3/15)

Altars:
Ashenzari
Trog
Zin

Annotations:
D:3 Grinder


Innate Abilities, Weirdness & Mutations

You cannot wear armour.
You are incapable of wielding weapons or throwing items.
Your paws allow you to move quietly. (Stealth)
You have sharp claws.
You have razor-sharp teeth.
You have supernaturally acute eyesight. (SInv)
You are carnivorous and can eat meat at any time.
You cover ground quickly.
You are covered in fur. (AC +1)
You have a slow metabolism.
Your sharp claws are effective at attacking unaware monsters.


Message History

Unknown command.
Things that are here:
a +0 short sword; 4 boomerangs Grinder is too close now for your liking.
Grinder is nearby!
Grinder is nearby!
Grinder is nearby!
Casting: Confusing Touch (safe; 6% risk of failure)
Confirm with . or Enter, or press ? or * to list all spells.
Your paws begin to glow red.
Grinder blinks!
You closely miss Grinder.
Grinder is almost dead.
Grinder hits you.
You writhe in agony.
You scratch Grinder but do no damage.
Grinder appears confused.
Grinder is almost dead.
Grinder hits you!
* * * LOW HITPOINT WARNING * * *
You writhe in agony.
You die...

.......###..(##.##....##.##
.)..#....###.....###..#..#
......##...#####...####.##
...#...........###...#..#
...#.............###.÷.##
...#.>...........).###.#
...#.............#...#'#+######
...#.............##............#
...#............@##............#
.........÷....).5.#............#
..................#............#
..................#............#
..................#............#
.....†............#............#
....5.....###.....#............#
.....###..# #.....##############
##_#####..# #.....#


You could see Grinder (confused).

Vanquished Creatures
  An orc wizard (D:3)
  4 adders
  2 oozes
  2 worms
  A dart slug (D:2)
  5 leopard geckos
  4 orcs (D:3)
  7 bats
  4 giant cockroaches
  6 goblins
  8 hobgoblins
  2 jackals (D:1)
  2 quokkas (D:3)
  4 frilled lizards
  6 kobolds
  8 rats
66 creatures vanquished.

Notes
Turn   | Place    | Note
-------+----------+-------------------------------------------
     0 | D:1      | kae the Felid Enchanter began the quest for the Orb.
     0 | D:1      | Reached XP level 1. HP: 7/7 MP: 4/4
   803 | D:1      | Reached XP level 2. HP: 11/11 MP: 6/6
  1374 | D:1      | Reached XP level 3. HP: 11/15 MP: 7/7
  1860 | D:2      | Reached skill level 1 in Fighting
  1992 | D:2      | Learned a level 3 spell: Confusing Touch
  1995 | D:2      | Learned a level 2 spell: Ensorcelled Hibernation
  2480 | D:3      | Reached skill level 5 in Hexes
  2520 | D:3      | Reached XP level 4. HP: 19/19 MP: 8/8
  2837 | D:3      | Found a glowing silver altar of Zin.
  2907 | D:3      | Found a shattered altar of Ashenzari.
  2940 | D:3      | Noticed Grinder
  2985 | D:3      | Found a bloodstained altar of Trog.
  3059 | D:3      | Reached skill level 5 in Stealth
  3059 | D:3      | Reached XP level 5. HP: 13/22 MP: 3/10
  3245 | D:3      | Learned a level 3 spell: Tukima's Dance
  3306 | D:3      | HP: 1/22 [Grinder (3)]
  3334 | D:3      | Killed from afar by Grinder
  3335 | D:3      | Reached XP level 4. HP: -2/19 MP: 6/9
  3351 | D:3      | Slain by Grinder

Levels and vault maps discovered:
D:1:      dpeg_arrival_shrine, layout_basic
D:2:      layout_basic, first_ration
D:3:      minmay_skewed_foursquare, layout_basic, cheibrodos_ashenzari_chains,
          overflow_temple_1_default, hangedman_decor_diamond_cutter,
          trog_hazing_becter, uniq_grinder

Skill      XL: |  1  2  3  4 |
---------------+-------------+-----
Unarmed Combat | 2 |  2.9
Fighting       | 1 |  1.6
Hexes          | 5 |  5.3
Stealth        | 5 |  5.0
Dodging        | |  2.6
Spellcasting   | |  2.7

Action                   |  1- 3 |  4- 6 || total
-------------------------+-------+-------++-------
Melee: Unarmed           |   124 |    79 ||   203
       Bite              |     6 |     5 ||    11
       Punch             |       |     1 ||     1
 Cast: Corona            |    22 |     2 ||    24
       Ensorcelled Hiber |     1 |    22 ||    23
       Confusing Touch   |       |     4 ||     4
       Tukima's Dance    |       |     1 ||     1
  Use: Scroll            |     2 |       ||     2
       Potion            |       |     2 ||     2
 Stab: Sleeping          |    18 |    14 ||    32
       Confused          |       |     3 ||     3
  Eat: Chunk             |    10 |     1 ||    11
Armor: Skin              |    14 |     1 ||    15
Dodge: Dodged            |   126 |    65 ||   191

Table legend:
 A = Non-vault XP
 B = Vault XP
 C = Vault XP percentage of total XP
 D = Non-vault monster count
 E = Vault monster count
 F = Vault count percentage of total count
                 A         B        C        D         E       F
            +---------+---------+-------+---------+---------+-------
      Total |     205 |      20 |   8.9 |      61 |       5 |   7.6
            +---------+---------+-------+---------+---------+-------
        D:1 |      45 |       0 |   0.0 |      26 |       0 |   0.0
        D:2 |      47 |       0 |   0.0 |      14 |       0 |   0.0
        D:3 |     113 |      20 |  15.0 |      21 |       5 |  19.2
            +---------+---------+-------+---------+---------+-------
